 Dungeon Crawl Stone Soup version 0.31-a0-4-gefa6de2278 (webtiles) character file.

Game seed: 714412380341937015

29 2FriedEggs the Charlatan (level 3, 26/26 HPs)
             Began as a Demonspawn Artificer on May 4, 2023.
             Quit the game on level 1 of the Dungeon.
             The game lasted 00:01:37 (1103 turns).

2FriedEggs the Charlatan (Demonspawn Artificer)     Turns: 1103, Time: 00:01:38

Health: 26/26      AC:  8    Str: 14    XL:     3   Next: 1%
Magic:  3/3        EV:  7    Int: 12    God:
Gold:   57         SH:  0    Dex: 13    Spells: 2/2 levels left

rFire   . . .        g - +0 short sword
rCold   . . .        (no shield)
rNeg    . . .        k - +0 chain mail
rPois   .            (no helmet)
rElec   .            (no cloak)
rCorr   .            (no gloves)
SInv    .            (no boots)
Will    .....        (no amulet) Stlth
                     (no ring)
HPRegen 0.24/turn    (no ring)
MPRegen 0.08/turn

%: no passive effects
@: no status effects
A: powered by death 1, demonic magic 1
a: no special abilities


You were on level 1 of the Dungeon.
You visited 1 branch of the dungeon, and saw 1 of its levels.

You collected 57 gold pieces.

Inventory:

Hand Weapons
 g - a +0 short sword (weapon)
Armour
 b - a +0 leather armour
 k - a +0 chain mail (worn)
Wands
 c - a wand of flame (15) (quivered)
 d - a wand of charming (15)
 e - a wand of iceblast (5)
Scrolls
 f - a scroll of enchant armour {unknown}
 i - a scroll of fear {unknown}
 l - a scroll of identify {unknown}
 m - a scroll of enchant weapon {unknown}
Potions
 a - 2 potions of might {unknown}
 h - a potion of lignification {unknown}
 j - a potion of haste {unknown}


   Skills:
 - Level 1.0 Fighting
 - Level 1.7 Armour
 - Level 0.8 Dodging
 - Level 0.8 Stealth
 * Level 2.0 Unarmed Combat
 + Level 3.4 Evocations


You had 2 spell levels left.
You didn't know any spells.
Your spell library contained the following spells:

 Spells                   Type           Power      Damage    Failure   Level
 Necrotise                Necr           0%         1d4       99%         1
 Vampiric Draining        Necr           0%         2d6       100%        3
 Agony                    Necr           0%         N/A       100%        5


Dungeon Overview and Level Annotations

Branches:
Dungeon (1/15)

Altars:


Innate Abilities, Weirdness & Mutations

You regenerate a little health from kills.
Spells you cast may paralyse adjacent enemies.


Message History

The endoplasm quivers.
The kobold shouts!
The frilled lizard unfolds its giant frill.
The kobold throws a stone.
The stone hits you.
Found a scroll labelled WIRUN XEIG.
You closely miss the frilled lizard. The frilled lizard bites you.
You hit the frilled lizard.
You kill the frilled lizard!
You hit the endoplasm.
The endoplasm is severely wounded.
The endoplasm freezes you.
You are frozen.
You hit the endoplasm but do no damage.
The endoplasm is severely wounded.
The endoplasm hits you but does no damage.
You hit the endoplasm but do no damage.
The endoplasm is severely wounded.
The endoplasm freezes you.
You are frozen.
You hit the endoplasm.
You kill the endoplasm!
You closely miss the kobold. The kobold hits you with a +0 club.
You barely miss the kobold. The kobold hits you but does no damage.
You closely miss the kobold. The kobold hits you but does no damage.
You barely miss the kobold. The kobold hits you but does no damage.
You hit the kobold.
The kobold is moderately wounded.
The kobold hits you but does no damage.
You hit the kobold.
The kobold is severely wounded.
The kobold barely misses you.
You hit the kobold.
You kill the kobold!
Your Unarmed Combat skill increases to level 2!
You have reached level 3!
Your experience leads to an increase in your attributes!
Increase (S)trength, (I)ntelligence, or (D)exterity?
You feel stronger. x2; Your demonic ancestry asserts itself...
A menacing aura infuses your magic.
Are you sure you want to abandon this character and quit the game? (Confirm with "yes".)

###...####.........# ##...#..##
#.......+K........+...........
####...####.........####........
#........# ......J ##..#..##
#.###.##.# ..... #.###.##
#.###.# .# ... ##.# ##.# #...#.#
# #'# #.# ##. #.#...# #)# ##.#
##.# #.†.####.# #@# #.###.##
#........# ##.## #..#.###
##.####### ##...##### #.......
#.##### #........# ###.####
#.....# #....###.# #.# ♣♣
#####.######.#.####.######.#♣♣.
##......................♣♣..
####...#####.#.####.#####.#♣...
##....#...# #.#.# #.#♣...


There were no monsters in sight!

Vanquished Creatures
  A bat (D:1)
  5 endoplasms (D:1)
  A giant cockroach (D:1)
  2 goblins (D:1)
  A hobgoblin (D:1)
  4 ball pythons (D:1)
  4 frilled lizards (D:1)
  8 kobolds (D:1)
  A rat (D:1)
27 creatures vanquished.

Notes
Turn   | Place    | Note
-------+----------+-------------------------------------------
     0 | D:1      | 2FriedEggs the Demonspawn Artificer began the quest for the
                  | Orb.
     0 | D:1      | Reached XP level 1. HP: 15/15 MP: 1/1
   230 | D:1      | Reached skill level 1 in Unarmed Combat
   388 | D:1      | Gained mutation: You regenerate a little health from kills.
                  | [demonic ancestry]
   388 | D:1      | Reached XP level 2. HP: 18/21 MP: 2/2
  1103 | D:1      | Gained mutation: Spells you cast may paralyse adjacent
                  | enemies. [demonic ancestry]
  1103 | D:1      | Reached XP level 3. HP: 26/26 MP: 3/3
  1103 | D:1      | Quit the game

Illustrated notes

Levels and vault maps discovered:
D:1:      amcnicky_arrival_underground_garden, layout_loops_corners,
          minmay_heptomino_d4

Skill      XL: |  1  2 |
---------------+-------+-----
Unarmed Combat | 1 2 |  2.0
Fighting       | |  1.0
Armour         | |  1.7
Dodging        | |  0.8
Stealth        | |  0.8
Evocations     | |  3.4

Action                     || total
---------------------------++-------
  Melee: Unarmed           ||    34
         Short sword       ||   103
         Punch             ||     2
 Armour: Leather armour    ||    21
         Chain mail        ||    16
  Dodge: Dodged            ||    56

Table legend: (Time is in decaauts)
 A = Elapsed time spent in this place.
 B = Non-inter-level travel time spent in this place.
 C = Inter-level travel time spent in this place.
 D = Time resting spent in this place.
 E = Time spent auto-exploring this place.
 F = Levels seen in this place.
 G = Mean time per level.
                   A        B        C        D        E       F      G
               +--------+--------+--------+--------+--------+-----+--------+
         Total |   1102 |   1102 |      0 |     88 |    770 |   1 | 1102.0 |
       Dungeon |   1102 |   1102 |      0 |     88 |    770 |   1 | 1102.0 |
               +--------+--------+--------+--------+--------+-----+--------+

Top non-repeatable levels by time:
     D:1: 1102 daAuts
